 Dungeon Sprint DCSS version 0.18.1-48-g4cf74bf (webtiles) character file.

112 Neosonic97 the Changer (level 4, -1/42 HPs)
             Began as a Draconian Transmuter on Sept 9, 2016.
             Slain by Sigmund
             ... wielding a +0 scythe
              (7 damage)
             ... in the Dungeon (Sprint I: "Red Sonja").
             The game lasted 00:00:47 (389 turns).

Neosonic97 the Changer (Draconian Transmuter)        Turns: 389, Time: 00:00:48

Health: -1/42      AC:  5    Str: 13    XL:     4   Next: 63%
Magic:  7/7        EV: 14    Int: 13    God:
Gold:   54         SH:  0    Dex: 12    Spells: 1 memorised, 6 levels left

rFire  . . .     SeeInvis .       - Unarmed
rCold  . . .     Gourm    .     (armour unavailable)
rNeg   . . .     Faith    .     (no shield)
rPois  .         Spirit   .     (helmet restricted)
rElec  .         Dismiss  .     (no cloak)
rCorr  .         Reflect  .     (no gloves)
SustAt .         Harm     .     (no boots)
MR     .....     NoTele   +     (no amulet)
Stlth  +.........               (no ring)
                                (no ring)

@: appendage, not resistant to hostile enchantments, very unstealthy
A: unfitting armour, horns 2, cold-blooded, AC +5
a: End Transformation


You were in the Dungeon.
You were not hungry.
You had grown temporary horns.
You visited 1 branch You collected 54 gold pieces.

Inventory:

Hand Weapons
 l - a +0 giant spiked club
Missiles
 a - 12 arrows
Scrolls
 i - a scroll of blinking
Potions
 d - a potion of curing
 e - a potion of heal wounds
 f - a potion of haste
 g - 2 potions of magic
 h - a potion of berserk rage
 j - a potion of flight {unknown}
Books
 b - a book of Changes

   Spells                             Type                      Level
   a - Beastly Appendage              Transmutation                1
   b - Sticks to Snakes               Transmutation                2
   c - Spider Form                    Transmutation/Poison         3
   d - Ice Form                       Ice/Transmutation            4
   e - Blade Hands                    Transmutation                5
Comestibles
 c - a bread ration


   Skills:
 * Level 5.2 Fighting
 * Level 5.5 Dodging
 - Level 3.0 Unarmed Combat
 - Level 2.0 Spellcasting
 * Level 5.6 Transmutations


You had 6 spell levels left.
You knew the following spells:

 Your Spells              Type           Power        Failure   Level  Hunger
a - Beastly Appendage     Trmt           ###...       2%          1    ##.....


Dungeon Overview and Level Annotations

Branches:
Dungeon (1/1)

Altars:

Annotations:
D Sigmund


Innate Abilities, Weirdness & Mutations

Your plain brown scales are hard (AC +5).
Your body does not fit into most forms of armour.
You are cold-blooded and may be slowed by cold attacks.
You have a pair of horns on your head.


Message History

There is an open door here.
You closely miss Sigmund. Sigmund gestures at you while chanting.
The magic dart hits you!
You hit Sigmund.
Sigmund is lightly wounded.
Sigmund gestures wildly while chanting.
Sigmund flickers and vanishes!
Deactivating autopickup; reactivate with Ctrl-A.
You hit something but do no damage. Something hits you!
You miss something. Something hits you!
You hit something but do no damage. You closely miss something.
You headbutt something! Something hits you!
* * * LOW HITPOINT WARNING * * *
You closely miss something. You headbutt something. You tail-slap something.
Something hits you but does no damage.
You hit something. You tail-slap something. You miss something.
Your headbutt misses something. You tail-slap something. Something hits you!
You die...

#############
#<.#..'..#..+
#..'..#..@{.#
#..#####'####
#..# #..#
#..# ####
#..# #⌠⌠#
####


There were no monsters in sight!

Vanquished Creatures
  An ogre (D)
  Ijyb (D)
2 creatures vanquished.

Notes
Turn   | Place    | Note
--------------------------------------------------------------
     0 | D        | Neosonic97 the Draconian Transmuter began the quest for the Orb.
     0 | D        | Reached XP level 1. HP: 16/16 MP: 3/3
     1 | D        | Noticed Ijyb
    23 | D        | Killed Ijyb
    23 | D        | Reached XP level 2. HP: 18/26 MP: 1/5
   124 | D        | Noticed an ogre
   134 | D        | Killed an ogre
   134 | D        | Reached skill level 5 in Fighting
   134 | D        | Reached skill level 5 in Dodging
   134 | D        | Reached skill level 5 in Transmutations
   134 | D        | Reached XP level 3. HP: 6/36 MP: 4/6
   134 | D        | Reached XP level 4. HP: 7/42 MP: 4/7
   378 | D        | Noticed Sigmund
   389 | D        | Slain by Sigmund

Skill      XL: |  1  2 |
---------------+-------+-----
Fighting       | 3 5 |  5.2
Dodging        | 3 5 |  5.5
Transmutations | 3 5 |  5.6
Unarmed Combat | |  3.0
Spellcasting   | |  2.0

Action                   |  1- 3 |  4- 6 || total
-------------------------+-------+-------++-------
Melee: Unarmed           |    27 |     9 ||    36
       Tailslap          |     4 |     3 ||     7
       Kick              |     1 |       ||     1
       Headbutt          |     3 |     2 ||     5
 Cast: Beastly Appendage |     3 |     1 ||     4
Armor: Skin              |     5 |     1 ||     6
Dodge: Dodged            |    15 |     1 ||    16
